 Dungeon Crawl Stone Soup version 0.19-a0-1065-gdac414d (webtiles) character file.

2709 4thArraOfDagon the Grappler (level 9, -17/114 HPs)
             Began as a Troll Air Elementalist on Aug 3, 2016.
             Was an Initiate of Hepliaklqana.
             Demolished by Erolcha
             ... wielding a cursed +0 giant club
              (27 damage)
             ... on level 10 of the Dungeon.
             The game lasted 00:08:26 (2085 turns).

4thArraOfDagon the Grappler (TrAE)                  Turns: 2085, Time: 00:08:27

Health: -17/114    AC:  6    Str: 22 (23) XL:     9   Next: 39%
Magic:  8/8        EV:  9    Int: 14      God:    Hepliaklqana [......]
Gold:   258        SH:  0    Dex: 10      Spells: 1 memorised, 9 levels left

rFire  + . .     SeeInvis .       - Unarmed
rCold  + . .     Gourm    +     a - +0 robe
rNeg   + . .     Faith    .     (no shield)
rPois  +         Spirit   .     (helmet restricted)
rElec  +         Dismiss  .     (no cloak)
rCorr  +         Reflect  .     (gloves unavailable)
SustAt .         Harm     .     (boots unavailable)
MR     .....                    (no amulet)
Stlth  ..........               (no ring)
                                k - ring of positive energy

@: berserking, resistant, flying, drained, very quick
A: unfitting armour, claws 3, rugged brown scales 1, deterioration 1, fast
metabolism 3, gourmand, low mp 1, regeneration 2, screaming 1, shaggy fur 1,
tough skin 2
a: Recall Ancestor, Ancestor Identity, Renounce Religion


You were on level 10 of the Dungeon.
You worshipped Hepliaklqana.
Hepliaklqana was noncommittal.
You were very full.

You visited 1 branch of the dungeon, and saw 10 of its levels.

You collected 258 gold pieces.

Inventory:

Hand Weapons
 e - a +0 giant spiked club
Missiles
 m - a throwing net (quivered)
Armour
 a - a +0 robe (worn)
Jewellery
 k - a ring of positive energy (left claw)
Scrolls
 f - 6 scrolls of remove curse
 h - 2 scrolls of fear
 q - a scroll of teleportation
 r - a scroll of amnesia
Potions
 d - a potion of heal wounds {unknown}
 n - a potion of cure mutation {unknown}
 o - a potion of curing {unknown}
 p - a potion of agility {unknown}
 t - a potion of magic {unknown}
Books
 b - a book of Air

   Spells                             Type                      Level
   a - Shock                          Conjuration/Air              1
   b - Swiftness                      Charms/Air                   2
   c - Repel Missiles                 Charms/Air                   2
   d - Static Discharge               Conjuration/Air              3
   e - Lightning Bolt                 Conjuration/Air              5
Comestibles
 c - 6 bread rations
 i - 7 beef jerkies
 s - 2 chunks of flesh


   Skills:
 - Level 1.5(1.3) Dodging
 - Level 1.1(0.8) Stealth
 * Level 12.5(12.1) Unarmed Combat
 - Level 1.2(1.0) Spellcasting
 - Level 0.6(0.3) Conjurations
 - Level 2.0(1.7) Air Magic


You had 9 spell levels left.
You knew the following spells:

 Your Spells              Type           Power        Failure   Level  Hunger
a - Shock                 Conj/Air       #...         21%         1    ##.....


Dungeon Overview and Level Annotations

Branches:
Dungeon (10/15)               Orc (0/2) D:10
 Temple: D:4-7         Lair: D:8-11

Altars:
Hepliaklqana
Pakellas
Sif Muna
Xom

Shops:
D:4 %

Annotations:
D:10 Erolcha; braks's ghost, journeyman DrTm


Innate Abilities, Weirdness & Mutations

You are too large for most types of armour.
You have claws for hands.
Your metabolism is lightning-fast.
You like to eat raw meat.
You heal very quickly.
You are covered in fur. (AC +1)
You have very tough skin. (AC +2)
You are partially covered in rugged brown scales. (AC +1, +3% HP)
Your body sometimes deteriorates upon taking damage.
Your magical capacity is low. (-10% MP)
You occasionally shout uncontrollably at your foes.


Message History

Unknown command.
It was a potion of flight.
You feel very buoyant.
You fly up into the air.
The quokka barely misses you. Erolcha closely misses you.
Braks's ghost whispers, "The ORB doesn't exist."
Unknown command.
It was a potion of resistance.
You feel protected.
The quokka bites you but does no damage.
Erolcha hits you with a giant club!!
* * * LOW HITPOINT WARNING * * *
Your body deteriorates!
You feel weakened. The quokka barely misses you.
Unknown command.
It was a potion of berserk rage.
A red film seems to cover your vision as you go berserk!
You feel yourself moving faster!
You feel mighty! The quokka barely misses you.
Erolcha hits you with a giant club!!
You die...

######## ....)..# #########
.#####.# #.......## ...# #.#
##.....### .#.###.# #.........
.......# #####.##.##.....###
##.###### #.@O.....###.####
........# # #r###.#### #.#
.#.####.# #.##o###.# #.#
.....##.# #...o....######'##
.#.#.##.# ####W#####.......##
.#...##.# ##.####..#......##
.#.#.##.# #...##..#.#......###
.....##.######......#...#........
.............(.....#.._..#.......


You could see Erolcha, braks's ghost, 2 orcs and a quokka.

Vanquished Creatures
  A troll (D:10)
  Grinder (D:5)
  2 hippogriffs (D:8)
  Menkaure (D:5)
  A water moccasin (D:8)
  2 sky beasts (D:6)
  An orc warrior (D:10)
  An ice beast (D:7)
  2 phantoms
  An ogre (D:7)
  2 centaurs (D:10)
  A crocodile (D:8)
  A big kobold (D:8)
  A water moccasin skeleton (D:4)
  5 wights (D:8)
  3 hounds
  A giant frog skeleton (D:8)
  2 jellies
  10 orc wizards
  An orc priest (D:10)
  3 worker ants
  4 adders
  A shadow imp (D:10)
  An ooze (D:6)
  An adder zombie (D:8)
  An adder skeleton (D:6)
  A worm (D:4)
  4 giant geckos
  20 orcs
  3 ball pythons
  3 giant cockroaches
  A goblin (D:3)
  3 jackals
  4 kobolds
  4 quokkas
  2 bats (D:3)
  3 giant newts
  2 rats (D:3)
101 creatures vanquished.

Vanquished Creatures (collateral kills)
  An orc (D:10)
1 creature vanquished.

Vanquished Creatures (others)
  2 orcs (D:10)
2 creatures vanquished.

Grand Total: 104 creatures vanquished

Notes
Turn   | Place    | Note
-------+----------+-------------------------------------------
     0 | D:1      | 4thArraOfDagon the Troll Air Elementalist began the quest for the Orb.
     0 | D:1      | Reached XP level 1. HP: 16/16 MP: 1/1
    64 | D:2      | Reached skill level 1 in Unarmed Combat
   114 | D:3      | Reached skill level 2 in Unarmed Combat
   114 | D:3      | Reached XP level 2. HP: 16/24 MP: 2/2
   131 | D:3      | Found a shimmering altar of Xom.
   132 | D:3      | Found a shimmering altar of Xom.
   137 | D:3      | Found a shimmering altar of Xom.
   180 | D:3      | Reached XP level 3. HP: 25/31 MP: 3/3
   313 | D:4      | Reached skill level 3 in Unarmed Combat
   370 | D:4      | Reached skill level 4 in Unarmed Combat
   370 | D:4      | Reached XP level 4. HP: 26/39 MP: 4/4
   374 | D:4      | Found Joghu's Food Shop.
   390 | D:4      | Noticed an ogre
   398 | D:5      | Entered Level 5 of the Dungeon
   435 | D:5      | Noticed Grinder
   447 | D:5      | Killed Grinder
   447 | D:5      | Reached skill level 6 in Unarmed Combat
   447 | D:5      | Reached XP level 5. HP: 31/45 MP: 5/5
   447 | D:5      | Reached XP level 6. HP: 37/53 MP: 6/6
   583 | D:6      | Noticed a sky beast
   618 | D:6      | Killed a sky beast
   618 | D:6      | Reached skill level 7 in Unarmed Combat
   624 | D:6      | Gained mutation: Your magical capacity is low. (-10% MP) [mutagenic meat]
   627 | D:6      | Gained mutation: Your body sometimes deteriorates upon taking damage. [mutagenic meat]
   630 | D:6      | Gained mutation: You are partially covered in rugged brown scales. (AC +1, +3% HP) [mutagenic meat]
   633 | D:6      | Gained mutation: You occasionally shout uncontrollably at your foes. [mutagenic meat]
   639 | D:6      | Gained mutation: Scrolls take you a little longer to read. [mutagenic meat]
   645 | D:6      | Reached XP level 7. HP: 47/60 MP: 6/6
   880 | D:7      | Reached skill level 8 in Unarmed Combat
   985 | D:6      | Found a deep blue altar of Sif Muna.
  1019 | D:6      | Reached skill level 9 in Unarmed Combat
  1025 | D:6      | Lost mutation: Scrolls take you a little longer to read. [mutagenic meat]
  1080 | D:6      | Reached XP level 8. HP: 36/69 MP: 7/7
  1363 | D:5      | Noticed Menkaure
  1369 | D:5      | Killed Menkaure
  1487 | D:8      | Reached skill level 10 in Unarmed Combat
  1605 | D:8      | Reached skill level 11 in Unarmed Combat
  1692 | D:8      | Reached XP level 9. HP: 45/76 MP: 8/8
  1797 | D:10     | Entered Level 10 of the Dungeon
  1824 | D:10     | Noticed braks's ghost (journeyman DrTm)
  1901 | D:10     | Found an oddly glowing altar of Pakellas.
  1939 | D:10     | Found a hazy altar of Hepliaklqana.
  1947 | D:10     | Became a worshipper of Hepliaklqana
  1983 | D:10     | Noticed a troll
  2002 | D:10     | Killed a troll
  2002 | D:10     | Reached skill level 12 in Unarmed Combat
  2021 | D:10     | Found a staircase to the Orcish Mines.
  2081 | D:10     | Noticed Erolcha
  2085 | D:10     | Demolished by Erolcha

Vault maps used:
D:1:      lemuel_arrival_room, st_stairs_7
D:2:      ecumenical_altar_1, uniq_natasha, uniq_jessica, uniq_iyjb
D:3:      xom_redecorated
D:4:      kennysheep_goblin_castle, serial_shops, nicolae_shop_behind_doors,
          nicolae_gozag_cash_rules_everything_around_me
D:5:      first_bread, portal_sewer_entry_f, uniq_grinder, uniq_menkaure,
          uniq_duvessa
D:6:      nicolae_overflow_crystal_walls, serial_shops, kennysheep_mini
D:7:      small_statue_alley_b, grunt_ogre_cave, lemuel_centaur_altar,
          uniq_pikel
D:8:      minmay_statue_hallways, serial_glass, glass_columns_b,
          glass_columns_b, glass_columns_a, glass_columns_a, glass_columns_c,
          glass_columns_b, glass_columns_c, glass_columns_a, glass_columns_a,
          glass_columns_a, glass_columns_a, glass_columns_b, glass_columns_c,
          glass_columns_b
D:10:     dpeg_oklobed_lair, hiddenorc2_lemuel, enter_trove_2, basic_altar,
          grunt_pakellas_sulfur, uniq_erolcha

Skill      XL: |  1  2  3  4  5  6  7  8  9 |
---------------+----------------------------+-----
Unarmed Combat | 2 4 6 7 9 11 12 | 12.5
Dodging        | |  1.5
Stealth        | |  1.1
Spellcasting   | |  1.2
Conjurations   | |  0.6
Air Magic      | |  2.0

Action                   |  1- 3 |  4- 6 |  7- 9 || total
-------------------------+-------+-------+-------++-------
Melee: Unarmed           |    69 |    61 |   247 ||   377
       Punch             |     1 |     1 |     5 ||     7
  Use: Scroll            |       |     6 |     2 ||     8
       Potion            |       |       |     5 ||     5
 Stab: Sleeping          |       |     1 |     2 ||     3
       Invisible         |       |       |     7 ||     7
  Eat: Chunk             |       |     6 |    20 ||    26
       Bread ration      |       |     1 |       ||     1
Armor: Robe              |    38 |    12 |    83 ||   133
Dodge: Dodged            |    38 |    23 |   110 ||   171
